Map: [ESL] Data-C

Players

Rattata (Vanya)

  • Race: Zerg Zerg
  • League: Master
  • Spawn Location: 3:00

HeroMarine - Winner!

  • Race: Terran Terran
  • Spawn Location: 9:00

VOD

Have the link to the VOD?

Description

Time

  • Played on: Oct. 21, 2022, 12:54 p.m.
  • Length: 12:44
Show
View Real Time Build Order
Export as new Build Order

Rattata Zerg 

Build Orders: Hatch First 

Get SALT Encoding   

  12  0:00  Drone  
  13  0:12  Overlord  
  13  0:16  Drone  
  14  0:30  Drone  
  14  0:31  Drone  
  16  0:48  Hatchery  
  15  0:51  Drone  
  15  0:55  Drone  
  17  0:58  Drone  
  18  1:09  Extractor  
  17  1:13  Spawning Pool  
  17  1:16  Drone  
  17  1:20  Drone  
  18  1:28  Drone  
  19  1:38  Drone  
  20  1:49  Drone  
  21  1:59  Queen  
  21  2:00  Zergling x4, Queen  
  27  2:13  Overlord  
  27  2:15  Drone  
  28  2:23  Hatchery  
  28  2:26  Drone  
  28  2:31  Drone  
  28  2:32  Drone  
  28  2:34  Drone  
  31  2:43  Queen  
  33  2:47  Overlord  
  33  2:51  Drone  
  34  2:52  Metabolic Boost  
  34  2:55  Drone  
  34  2:58  Drone  
  36  3:05  Queen  
  36  3:07  Overlord  
  38  3:15  Drone  
  38  3:16  Drone x2  
  38  3:19  Drone x2  
  43  3:22  Drone  
  43  3:25  Queen  
  46  3:29  Drone  
  46  3:30  Drone  
  48  3:36  Queen  
  48  3:38  Overlord  
  48  3:41  Zergling x4  
  51  3:54  Drone x7  
  57  3:58  Overlord  
  57  4:00  Zergling x4  
  59  4:05  Spore Crawler  
  58  4:15  Queen x2, Overlord  
  62  4:21  Drone x2  
  62  4:22  Lair  
  64  4:27  Drone, Extractor  
  64  4:30  Baneling Nest  
  63  4:31  Zergling x4  
  63  4:32  Zergling x2  
  63  4:33  Drone  
  63  4:35  Drone  
  68  4:41  Overlord  
  68  4:42  Drone x2  
  70  4:46  Drone  
  70  4:48  Extractor  
  70  4:49  Spore Crawler  
  70  4:51  Spore Crawler  
  68  4:56  Overlord  
  68  4:57  Zergling x4  
  68  4:58  Drone x4  
  74  5:03  Drone x4  
  75  5:12  Overlord  
  74  5:15  Drone x2  
  74  5:16  Drone x2  
  74  5:20  Drone  
  79  5:21  Evolution Chamber  
  79  5:22  Evolution Chamber  
  79  5:25  Overseer  
  79  5:28  Spire  
  76  5:29  Drone x2, Extractor  
  76  5:31  Drone  
  76  5:35  Extractor  
  77  5:36  Extractor  
  77  5:40  Drone x4  
  80  5:44  Hatchery  
  80  5:46  Drone x3  
  82  5:53  Drone x3  
  82  5:57  Drone x4  
  86  6:01  Zergling x2  
  89  6:05  Overlord  
  89  6:10  Zerg Melee Weapons Level 1  
  89  6:11  Zerg Ground Armor Level 1  
  89  6:12  Zergling x10  
  89  6:17  Centrifugal Hooks  
  92  6:27  Drone  
  92  6:28  Overlord  
  92  6:30  Zergling x14  
  100  6:37  Drone  
  101  6:46  Mutalisk x4  
  109  6:47  Hatchery  
  109  6:51  Mutalisk x2  
  112  6:56  Drone x4  
  112  7:00  Overlord x2  
  116  7:02  Zerg Flyer Weapons Level 1  
  116  7:03  Mutalisk  
  116  7:07  Baneling x4  
  118  7:11  Overlord  
  118  7:13  Overlord  
  118  7:20  Zergling x18  
  118  7:21  Baneling  
  118  7:22  Baneling x2  
  125  7:29  Zergling x14  
  129  7:32  Baneling x7  
  129  7:36  Overseer  
  129  7:37  Pneumatized Carapace  
  129  7:40  Baneling  
  129  7:41  Baneling x3  
  129  7:44  Mutalisk  
  129  7:47  Overlord  
  129  7:49  Mutalisk  
  129  7:51  Zergling x14  
  140  7:56  Overseer  
  140  7:58  Overlord  
  140  8:00  Drone x5  
  144  8:08  Mutalisk x2  
  144  8:12  Zergling x6  
  151  8:13  Zergling x4, Baneling x4  
  151  8:14  Baneling  
  151  8:15  Baneling  
  136  8:24  Zergling x22  
  135  8:30  Zergling x2  
  129  8:36  Zergling x6  
  129  8:40  Zergling x2  
  127  8:48  Mutalisk x4  
  121  8:50  Zergling x14  
  121  8:55  Baneling x3  
  136  8:59  Zergling x12  
  138  9:08  Drone x3  
  128  9:10  Zerg Melee Weapons Level 2  
  128  9:12  Drone x2  
  128  9:13  Extractor  
  128  9:14  Hatchery  
  128  9:15  Overlord  
  127  9:18  Overlord  
  127  9:21  Drone x9  
  135  9:25  Zerg Ground Armor Level 2  
  109  9:39  Zergling x16  
  109  9:42  Hatchery  
  112  9:46  Zergling x10  
  117  9:53  Zergling x2  
  117  9:54  Zergling x12  
  124  10:00  Zergling x2, Baneling x10  
  124  10:01  Zergling x2  
  124  10:02  Zergling x2  
  124  10:03  Zergling x2  
  124  10:05  Zergling x4  
  131  10:10  Baneling x2  
  131  10:11  Baneling x8  
  131  10:12  Zergling x14  
  137  10:15  Baneling x7  
  111  10:28  Zergling x20  
  111  10:29  Zergling x2  
  115  10:37  Mutalisk x2  
  114  10:44  Mutalisk x3  
  114  10:46  Zergling x6  
  114  10:47  Baneling x2  
  114  10:48  Baneling  
  114  10:49  Zergling x16  
  131  10:50  Baneling x2  
  131  10:52  Zergling x4  
  133  11:01  Zergling x2  
  133  11:02  Zergling x6  
  134  11:05  Mutalisk x2  
  125  11:13  Zergling x12  
  115  11:20  Zergling x16  
  117  11:29  Zergling x4  
  117  11:30  Zergling x8  
  121  11:33  Baneling x17  
  121  11:35  Zergling x2  
  122  11:43  Zergling x14  
  127  11:51  Zergling x6  
  127  11:52  Zergling x6  
  127  11:53  Baneling x5  
  119  11:58  Overseer  
  117  12:02  Mutalisk  
  114  12:11  Zergling x18  
  114  12:13  Baneling x2  
Show
View Real Time Build Order
Export as new Build Order

HeroMarine Terran - Winner!

Build Orders: Reaper Expand 

Get SALT Encoding   

  12  0:00  SCV  
  13  0:12  SCV  
  14  0:17  Supply Depot  
  14  0:24  SCV  
  15  0:38  SCV  
  15  0:40  Barracks  
  16  0:43  Refinery  
  16  0:50  SCV  
  17  1:02  SCV  
  18  1:15  SCV  
  19  1:27  Reaper, Orbital Command  
  20  1:40  Command Center  
  20  1:48  Supply Depot  
  20  1:52  SCV  
  21  1:58  Marine  
  22  2:04  SCV  
  23  2:09  Factory  
  23  2:16  SCV  
  23  2:18  Refinery  
  23  2:21  Barracks Reactor  
  24  2:29  SCV  
  25  2:41  SCV  
  25  2:52  Hellion  
  25  2:53  SCV, Starport, Orbital Command  
  25  2:56  Marine x2  
  30  3:05  SCV  
  31  3:17  SCV  
  31  3:19  SCV  
  33  3:20  Hellion, Widow Mine  
  33  3:21  Marine  
  33  3:25  Supply Depot  
  38  3:29  SCV, Medivac  
  38  3:32  SCV  
  42  3:39  Marine  
  43  3:41  SCV  
  43  3:43  Hellion  
  43  3:46  SCV  
  43  3:47  Hellion  
  49  3:53  SCV  
  49  3:55  Supply Depot  
  50  3:59  SCV  
  50  4:02  Starport Tech Lab  
  51  4:05  SCV  
  52  4:11  SCV  
  52  4:15  Factory Tech Lab, Marine  
  52  4:16  Marine  
  55  4:17  Command Center  
  55  4:21  Supply Depot, SCV  
  55  4:22  Raven  
  55  4:23  SCV  
  59  4:33  SCV  
  59  4:35  SCV, Marine  
  62  4:42  Marine  
  62  4:45  SCV  
  64  4:47  SCV  
  64  4:50  Barracks  
  65  4:53  Factory Reactor  
  65  4:55  Barracks  
  65  4:57  SCV  
  65  4:59  SCV  
  65  5:09  SCV  
  65  5:11  Engineering Bay, SCV  
  65  5:13  Engineering Bay, Starport Reactor  
  67  5:16  Stimpack, Marine  
  68  5:21  SCV  
  68  5:23  SCV  
  68  5:24  Refinery  
  68  5:25  Refinery  
  68  5:28  Barracks  
  70  5:30  Barracks  
  70  5:32  Orbital Command  
  70  5:33  SCV  
  70  5:34  Marine  
  70  5:35  SCV, Factory Reactor  
  73  5:43  Terran Infantry Weapons Level 1  
  73  5:44  Terran Infantry Armor Level 1  
  73  5:45  SCV  
  73  5:47  SCV  
  75  5:54  Marine, Orbital Command  
  76  5:58  SCV  
  76  5:59  Marine x4  
  76  6:00  SCV  
  82  6:06  Supply Depot  
  82  6:07  Supply Depot  
  82  6:10  SCV  
  83  6:11  Medivac  
  83  6:13  Supply Depot  
  83  6:16  SCV, Medivac, Marine  
  83  6:17  Widow Mine x2  
  93  6:25  Barracks Reactor x2  
  93  6:27  SCV x2, Marine x4  
  93  6:29  SCV  
  93  6:30  Supply Depot  
  93  6:31  Supply Depot  
  100  6:34  Marine  
  100  6:39  Armory  
  103  6:40  SCV x2  
  103  6:41  SCV  
  103  6:45  Widow Mine x2, Marine x3  
  111  6:47  Medivac x2  
  111  6:48  Marine  
  111  6:52  Supply Depot, SCV x2, Marine  
  111  6:53  SCV  
  120  6:57  Refinery  
  120  7:00  Supply Depot, Combat Shield  
  120  7:03  Marine x3  
  120  7:04  Supply Depot  
  120  7:06  Marine x4  
  120  7:07  Marine  
  128  7:09  SCV  
  128  7:10  Marine  
  128  7:12  SCV x2  
  132  7:17  Missile Turret  
  132  7:18  Missile Turret  
  132  7:21  SCV, Missile Turret, Marine x2  
  133  7:23  Marine  
  133  7:24  Marine  
  135  7:31  Marine x2  
  135  7:33  Marine x2  
  139  7:38  Marine x2  
  139  7:39  Marine  
  139  7:40  Medivac x2, Widow Mine x2  
  139  7:41  Marine  
  139  7:43  Factory  
  151  7:53  Marine x4  
  151  7:57  Terran Infantry Weapons Level 2, Terran Infantry Armor Level 2, Marine  
  151  7:58  Marine  
  157  8:02  Supply Depot  
  157  8:03  Supply Depot  
  157  8:09  Marine  
  154  8:21  Marine x2  
  154  8:24  Marine x3  
  154  8:25  Marine x2  
  139  8:28  Marine x2  
  139  8:30  Widow Mine x2  
  143  8:36  SCV x2  
  143  8:37  SCV  
  143  8:39  Marine x2  
  128  8:42  Marine x4  
  128  8:43  Marine  
  128  8:45  Orbital Command  
  128  8:46  Marine x2  
  129  8:50  Medivac x2, Widow Mine  
  129  8:51  Widow Mine  
  135  8:57  Marine x2  
  135  8:59  Marine  
  135  9:00  Marine x4  
  133  9:03  Widow Mine, Marine  
  133  9:04  Marine  
  135  9:11  Widow Mine  
  135  9:13  Widow Mine  
  135  9:15  Marine x2  
  136  9:17  Marine x2  
  136  9:18  Marine x2  
  136  9:21  Medivac, Marine  
  141  9:26  Marine x2  
  141  9:27  Widow Mine  
  140  9:32  Marine  
  140  9:36  Marine x2  
  124  9:41  Thor  
  124  9:42  Marine x3  
  124  9:44  Widow Mine  
  124  9:45  Medivac  
  135  9:46  Marine x2  
  135  9:48  Widow Mine  
  135  9:50  Marine  
  135  9:51  Missile Turret, Medivac  
  142  9:55  Marine x2  
  142  9:58  Marine  
  141  10:00  Marine  
  141  10:01  Marine x2  
  141  10:03  Marine  
  141  10:04  Marine  
  146  10:08  Marine  
  146  10:10  Widow Mine  
  146  10:12  Drilling Claws  
  149  10:23  Supply Depot, Marine x6  
  149  10:24  Supply Depot, Marine x2  
  149  10:25  Supply Depot  
  149  10:26  Marine  
  123  10:36  Widow Mine x2  
  123  10:41  Marine x7  
  123  10:42  Marine  
  121  10:43  Thor  
  121  10:44  Marine  
  129  10:57  Widow Mine x2  
  129  10:59  Marine x7  
  129  11:00  Marine  
  129  11:01  Marine  
  127  11:16  Marine x2  
  127  11:17  Marine x5  
  127  11:18  Marine  
  115  11:19  Marine  
  117  11:32  Widow Mine x2  
  121  11:33  Medivac x2  
  121  11:34  Marine x6  
  121  11:35  Thor, Marine  
  121  11:36  Marine  
  121  11:37  Marine  
  141  11:47  SCV x2  
  141  11:52  Marine x6  
  146  11:54  Marine x2  
  146  11:56  Widow Mine x2  
  152  12:03  Medivac x2, Marine  
  156  12:10  Marine x3  
  156  12:12  Orbital Command  
  156  12:13  Marine x2  
  156  12:14  Marine x2  
  159  12:16  SCV  
  159  12:17  SCV  
  159  12:22  Marauder, Marine  
  155  12:28  SCV  
  155  12:29  SCV  
Tags
 
Add a new tag
Caveats
  • Supply blocks, unpowered buildings, or Contaminate may cause inaccurate times.
  • Supply counts are checked every 10 seconds.